 Dungeon Crawl Stone Soup version 0.30-a0-140-gd1020e658a (webtiles) character file.

Game seed: 14400302024109380713

292 qw the Chopper (level 6, -1/37 HPs)
             Began as a Gargoyle Fighter on Sept 24, 2022.
             Slain by a gnoll
             ... wielding a +1 flail of protection
              (10 damage)
             ... on level 3 of the Dungeon.
             The game lasted 00:00:54 (3211 turns).

qw the Chopper (Gargoyle Fighter)                   Turns: 3211, Time: 00:00:55

Health: -1/37      AC: 14    Str: 21    XL:     6   Next: 33%
Magic:  6/6        EV:  7    Int:  9    God:
Gold:   123        SH:  4    Dex:  9    Spells: 5/5 levels left

rFire   . . .      SeeInvis .    Y - +0 war axe
rCold   . . .      Faith    .    c - +0 buckler
rNeg    + + .      Spirit   .    o - +0 chain mail
rPois   inf        Reflect  .    (no helmet)
rElec   +          Harm     .    (no cloak)
rCorr   .          Rampage  .    (no gloves)
Will    .....                    l - +0 pair of boots
Stlth   ..........               (no amulet)
HPRegen 0.12/turn                i - ring of positive energy
MPRegen 0.10/turn                (no ring)

@: no status effects
A: sickness immunity, AC +4, negative energy resistance 1, electricity
resistance, torment resistance 1, petrification resistance
a: no special abilities


You were on level 3 of the Dungeon.
You visited 1 branch of the dungeon, and saw 3 of its levels.

You collected 123 gold pieces.


Innate Abilities, Weirdness & Mutations

You are immune to sickness and miasma.
Your stone body is resilient. (AC +4)
You are immune to poison.
You resist negative energy. (rN+)
You are resistant to electric shocks. (rElec)
You are resistant to unholy torment.
You are immune to petrification.


   Skills:
 + Level 3.5 Fighting
 - Level 5.8 Axes
 - Level 3.2 Armour
 - Level 3.2 Shields


You had 5 spell levels left.
You didn't know any spells.
Your spell library was empty.

Inventory:

Hand Weapons
 h - a +2 whip of venom
 Y - a +0 war axe (weapon)
Armour
 c - a +0 buckler (worn)
 l - a +0 pair of boots (worn)
 o - a +0 chain mail (worn)
Jewellery
 b - an amulet of faith
 i - a ring of positive energy (left hand)
 k - a ring of ice
 s - a +6 ring of dexterity
Scrolls
 m - a scroll of enchant weapon {unknown}
 r - a scroll of identify
Potions
 a - a potion of heal wounds {unknown}
 d - a potion of might
 e - a potion of attraction
 f - 2 potions of flight {unknown}
 g - a potion of haste {unknown}
 j - 2 potions of cancellation {unknown}
 n - a potion of invisibility {unknown}
 p - a potion of resistance {unknown}
 q - a potion of curing

Dungeon Overview and Level Annotations

Branches:
Dungeon (3/15)

Altars:
Elyvilon

Shops:
D:2 [


Message History

The gnoll closely misses you.
The gnoll hits you but does no damage. x2
The gnoll barely misses you. x2
You hit the gnoll but do no damage.
The gnoll is moderately wounded.
You barely miss the gnoll.
The gnoll hits you with a +1 flail of protection.
The gnoll closely misses you. The gnoll hits you but does no damage.
You hit the gnoll.
The gnoll is severely wounded.
You hit the gnoll but do no damage. You block the gnoll's attack.
The gnoll barely misses you. The gnoll hits you with a +0 club.
You hit the gnoll.
The gnoll is almost dead.
You hit the gnoll but do no damage.
The gnoll hits you with a +1 flail of protection.
The gnoll hits you but does no damage. The gnoll hits you with a +0 club.
You slash the gnoll!
You kill the gnoll!
You barely miss the gnoll. The gnoll barely misses you.
The gnoll hits you but does no damage. x3
You barely miss the gnoll.
The gnoll is lightly wounded.
You block the gnoll's attack. x2
You hit the gnoll but do no damage.
The gnoll is lightly wounded.
The gnoll hits you but does no damage.
The gnoll hits you from afar with a +0 spear.
You barely miss the gnoll.
The gnoll is lightly wounded.
You block the gnoll's attack.
The gnoll hits you from afar with a +0 spear.
You slash the gnoll!
The gnoll is almost dead.
You block the gnoll's attack. x2; The gnoll barely misses you.
The gnoll hits you but does no damage.
You barely miss the gnoll.
The gnoll is almost dead.
The gnoll hits you with a +1 flail of protection!
You die...

##### # ...##.# ##g..#.#
#)#).....# #..g@....##.# #.#
#####......# #.# #.# #)#####.#
###.# #.# #.# #.... #.# ##'##
#.#.## #.# ##...## #.#.#.
#.#### ##.....## ##.#.#.
#.##.## ##.......## ###..#.#.
#.#...####.........###......#}


You could see 2 gnolls.

Vanquished Creatures
  Grinder (D:3)
  2 gnolls
  2 adders (D:2)
  A worm (D:3)
  A dart slug (D:1)
  2 orcs (D:3)
  5 ball pythons
  6 endoplasms
  4 giant cockroaches
  5 hobgoblins
  4 kobolds
  2 quokkas (D:3)
  4 bats
  2 frilled lizards
  7 goblins
  2 rats
50 creatures vanquished.

Notes
Turn   | Place    | Note
-------+----------+-------------------------------------------
     0 | D:1      | qw the Gargoyle Fighter began the quest for the Orb.
     0 | D:1      | Reached XP level 1. HP: 14/14 MP: 1/1
     0 | D:1      | 0 ||| qw: Version: 0.1.0-9-gbc19398
     0 | D:1      | 0 ||| qw: Game counter: 3
     0 | D:1      | 0 ||| qw: Always use a shield: true
     0 | D:1      | 0 ||| qw: God list: Okawaru
     0 | D:1      | 0 ||| qw: Allow faded altars: false
     0 | D:1      | 0 ||| qw: Do Orc after D:15 true
     0 | D:1      | 0 ||| qw: Do second Lair branch before Depths: true
     0 | D:1      | 0 ||| qw: Lair rune preference: random
     0 | D:1      | 0 ||| qw: Plans: Normal, Zot:1-4, God:TSO, Crypt, Tomb,
                  | Pan, Slime:5, Hells, Abyss, Orb
     0 | D:1      | 0 ||| PLANNING D:1-11
    65 | D:1      | Reached skill level 2 in Axes
   184 | D:1      | Reached XP level 2. HP: 8/19 MP: 2/2
   391 | D:1      | 391 ||| PLANNING D:1-11
   416 | D:1      | 416 ||| DROPPING +0 club.
   586 | D:1      | 586 ||| Stepping ~*~*~tactically~*~*~ (hiding).
   587 | D:1      | 587 ||| Stepping ~*~*~tactically~*~*~ (hiding).
   869 | D:1      | Reached skill level 3 in Axes
   938 | D:1      | Reached XP level 3. HP: 23/23 MP: 3/3
  1254 | D:1      | 1254 ||| UPGRADING to +0 pair of boots.
  1259 | D:1      | 1259 ||| UPGRADING to ring of positive energy.
  1260 | D:1      | 1260 ||| READING scroll labelled CUONEELLOTYM.
  1261 | D:1      | 1261 ||| DRINKING 2 metallic sapphire potions.
  1297 | D:2      | Found Aruynun's Armour Shop.
  1310 | D:2      | 1310 ||| SHOPLISTING +0 chain mail (54 gold, have 52).
  1310 | D:2      | 1310 ||| SHOPLISTING +0 ring mail of Howling Wind {Will++}
                  | (300 gold, have 52).
  1310 | D:2      | 1310 ||| SHOPLISTING +1 ice dragon scales (804 gold, have
                  | 52).
  1310 | D:2      | 1310 ||| SHOPLISTING +1 leather armour of Elyvilon's Grace
                  | {MP+9 Str+7 Dex+8} (772 gold, have 52).
  1310 | D:2      | 1310 ||| SHOPLISTING +2 kite shield of positive energy (222
                  | gold, have 52).
  1310 | D:2      | 1310 ||| SHOPLISTING +3 plate armour of positive energy
                  | (504 gold, have 52).
  1547 | D:2      | Found a faded altar of an unknown god.
  1642 | D:2      | 1642 ||| Stepping ~*~*~tactically~*~*~ (stealth).
  1687 | D:2      | Reached XP level 4. HP: 28/28 MP: 4/4
  2136 | D:2      | 2136 ||| UPGRADING to +0 chain mail.
  2146 | D:2      | 2146 ||| DROPPING +0 scale mail.
  2147 | D:2      | 2147 ||| READING scroll labelled OQIMENUMPA.
  2148 | D:2      | 2148 ||| READING scroll labelled GESERU QOIWK.
  2149 | D:2      | 2149 ||| READING scroll labelled OSHETU JUZEUHO.
  2154 | D:2      | 2154 ||| READING scroll labelled KIUCYU RIUR.
  2155 | D:2      | 2155 ||| DRINKING 2 bubbling brown potions.
  2156 | D:2      | 2156 ||| DRINKING 2 metallic ruby potions.
  2157 | D:2      | 2157 ||| DROPPING potion of magic.
  2276 | D:3      | Reached skill level 4 in Axes
  2613 | D:3      | Noticed Grinder
  2615 | D:3      | Paralysed by Grinder for 2 turns
  2622 | D:3      | Paralysed by Grinder for 4 turns
  2632 | D:3      | HP: 7/28 [Grinder (1)]
  2636 | D:3      | Paralysed by Grinder for 2 turns
  2640 | D:3      | Killed Grinder
  2641 | D:3      | Reached skill level 5 in Axes
  2641 | D:3      | Reached XP level 5. HP: 9/32 MP: 5/5
  2641 | D:3      | Reached XP level 6. HP: 10/37 MP: 6/6
  3068 | D:3      | Found a white marble altar of Elyvilon.
  3209 | D:3      | HP: 8/37 [gnoll/+0 spear (4)]
  3211 | D:3      | Slain by a gnoll

Levels and vault maps discovered:
D:1:      minmay_arrival_nine_rooms, layout_loops_corners
D:2:      layout_basic, shapermc_ecumenical_altar_mp_highgroup, serial_shops,
          nicolae_square_shop
D:3:      layout_loops_corners, mainiacjoe_overflow_alcove_2, uniq_grinder

Skill      XL: |  1  2  3  4 |
---------------+-------------+-----
Axes           | 2 3 5 |  5.8
Fighting       | |  3.5
Armour         | |  3.2
Shields        | |  3.2

Action                   |  1- 3 |  4- 6 || total
-------------------------+-------+-------++-------
Melee: War axe           |    87 |    89 ||   176
  Use: Scroll            |     1 |     4 ||     5
       Potion            |     1 |     2 ||     3
Armor: Scale mail        |    46 |     5 ||    51
       Chain mail        |       |    36 ||    36
Dodge: Dodged            |    30 |    26 ||    56
Block: Buckler           |    13 |    21 ||    34

Table legend:
 A = Non-vault XP
 B = Vault XP
 C = Vault XP percentage of total XP
 D = Non-vault monster count
 E = Vault monster count
 F = Vault count percentage of total count
                 A         B        C        D         E       F
            +---------+---------+-------+---------+---------+-------
      Total |     141 |     277 |  66.3 |      49 |       1 |   2.0
            +---------+---------+-------+---------+---------+-------
        D:1 |      36 |       0 |   0.0 |      14 |       0 |   0.0
        D:2 |      57 |       0 |   0.0 |      18 |       0 |   0.0
        D:3 |      48 |     277 |  85.2 |      17 |       1 |   5.6
            +---------+---------+-------+---------+---------+-------
